 Dungeon Crawl Stone Soup version 0.28.0 (webtiles) character file.

Game seed: 6427140615976600039

151 bromine the Ducker (level 5, -14/79 HPs)
             Began as a Troll Berserker on Feb 11, 2022.
             Was a Believer of Trog.
             Demolished by an ogre (28 damage)
             ... on level 3 of the Dungeon.
             The game lasted 00:08:13 (2461 turns).

bromine the Ducker (Troll Berserker)                Turns: 2461, Time: 00:08:14

Health: -14/79     AC:  4    Str: 27    XL:     5   Next: 11%
Magic:  4/4        EV:  7    Int:  3    God:    Trog [**....]
Gold:   115        SH:  9    Dex:  9    Spells: 4/4 levels left

rFire   . . .      SeeInvis .   e - +0 long sword
rCold   . . .      Faith    .   i - +0 tower shield
rNeg    . . .      Spirit   .   b - +0 animal skin
rPois   .          Reflect  .   (helmet restricted)
rElec   .          Harm     .   (no cloak)
rCorr   .          Rampage  .   (gloves unavailable)
Will    .....                   (boots unavailable)
Stlth   ..........              (no amulet)
HPRegen 1.03/turn               (no ring)
MPRegen 0.09/turn               (no ring)

@: berserking (expiring), very quick
A: large, unfitting armour, claws 3, regeneration 1, shaggy fur 1, tough skin 1
a: Renounce Religion, Berserk, Trog's Hand


You were on level 3 of the Dungeon.
You worshipped Trog.
Trog was pleased with you.
You visited 1 branch of the dungeon, and saw 3 of its levels.

You collected 115 gold pieces.

Inventory:

Hand Weapons
 a - a +0 hand axe
 e - a +0 long sword (weapon)
Armour
 b - a +0 animal skin (worn)
 f - a scarf of harm
 i - a +0 tower shield (worn)
Scrolls
 d - a scroll of immolation {unknown}
 g - a scroll of fear
 h - a scroll of magic mapping {unknown}
 j - a scroll of enchant armour {unknown}
 k - a scroll of fog {unknown}
Potions
 c - 3 potions of curing {unknown}


   Skills:
 + Level 3.1 Fighting
 + Level 0.5 Long Blades
 + Level 3.3 Axes
 + Level 3.4 Dodging
 + Level 0.1 Stealth
 + Level 0.5 Shields


You had 4 spell levels left.
You didn't know any spells.
Your spell library was empty.

Dungeon Overview and Level Annotations

Branches:
Dungeon (3/15)

Altars:


Innate Abilities, Weirdness & Mutations

You are too large for most types of armour.
You have claws for hands.
Your natural rate of healing is unusually fast.
You are covered in fur. (AC +1)
You have tough skin. (AC +1)


Message History

An adder skeleton comes into view.
The orc closely misses you.
You closely miss the orc.
The orc is moderately wounded.
The orc hits you with a +0 club.
The ogre hits you with a +0 giant club!!
You block the orc's attack.
You barely miss the orc.
The orc is moderately wounded.
The orc hits you but does no damage.
An endoplasm comes into view.
The ogre hits you with a +0 giant club.
A red film seems to cover your vision as you go berserk!
You feel yourself moving faster!
You feel mighty!
The endoplasm quivers.
The orc hits you with a +0 club.
The ogre hits you with a +0 giant club!!
* * * LOW HITPOINT WARNING * * *
You slice the orc!!
You kill the orc!
Trog accepts your kill.
You slash the rat!
You kill the rat!
Trog accepts your kill. You block the ogre's attack.
You slash the adder skeleton!
The adder skeleton is almost destroyed.
The adder skeleton bites you.
* * * LOW HITPOINT WARNING * * *
You block the ogre's attack.
An endoplasm comes into view.
You slash the adder skeleton!
You destroy the adder skeleton!
Trog accepts your kill. You block the ogre's attack.
You slash the endoplasm!
You kill the endoplasm!
Trog accepts your kill.
The ogre hits you with a +0 giant club!!
You die...

## #<
+..##O#########
#....)@.......#
.J.###########.#
#.# #.# #.# #.#
#.## ### #..#
...####.#


You could see an ogre and an endoplasm.

Vanquished Creatures
  An iguana (D:2)
  4 gnolls (D:2)
  3 adders
  An adder skeleton (D:3)
  2 worms (D:2)
  2 dart slugs (D:2)
  An orc (D:3)
  2 ball pythons
  5 bats
  4 endoplasms
  5 giant cockroaches
  3 goblins
  4 hobgoblins
  2 jackals (D:2)
  A quokka (D:1)
  A frilled lizard (D:1)
  4 kobolds
  5 rats
50 creatures vanquished.

Vanquished Creatures (others)
  5 plants (D:3)
5 creatures vanquished.

Grand Total: 55 creatures vanquished

Notes
Turn   | Place    | Note
-------+----------+-------------------------------------------
     0 | D:1      | bromine the Troll Berserker began the quest for the Orb.
     0 | D:1      | Reached XP level 1. HP: 22/22 MP: 0/0
   355 | D:1      | Reached XP level 2. HP: 26/29 MP: 1/1
  1296 | D:2      | Reached XP level 3. HP: 27/36 MP: 2/2
  1383 | D:2      | Reached ** piety under Trog
  1396 | D:2      | Reached XP level 4. HP: 12/44 MP: 3/3
  2357 | D:3      | Reached XP level 5. HP: 37/53 MP: 4/4
  2451 | D:3      | Noticed an ogre
  2461 | D:3      | Demolished by an ogre

Illustrated notes

Levels and vault maps discovered:
D:1:      elethiomel_arrival_maze, layout_basic, serial_forest,
          infiniplex_forest_lined_2, infiniplex_forest_clump_diagonal,
          infiniplex_forest_zigzag_1, infiniplex_forest_clump_long,
          infiniplex_forest_straight_3, infiniplex_forest_clump_double,
          infiniplex_forest_clump_double, infiniplex_forest_lined_2,
          infiniplex_forest_diagonal, minmay_worlds_worst_comb
D:2:      layout_loops_cross, chequers_jeans
D:3:      layout_basic, mainiacjoe_overflow_alcove_2,
          nemelex_xobeh_ov_fountains_minmay, serial_bayou, serial_bayou_pond_b,
          serial_bayou_crossing, serial_bayou_shore_a, serial_bayou_lagoon_b,
          serial_shops, shop, st_stairs_9, minmay_stone_trees_small,
          grunt_ministairs_2, serial_bayou_ford_a, nrook_loot_triangle,
          uniq_natasha, uniq_terence

Skill      XL: |  1  2  3  4 |
---------------+-------------+-----
Axes           | 3 |  3.3
Dodging        | 3 |  3.4
Fighting       | 3 |  3.1
Long Blades    | |  0.5
Stealth        | |  0.1
Shields        | |  0.5

Action                   |  1- 3 |  4- 6 || total
-------------------------+-------+-------++-------
Melee: Hand axe          |    82 |       ||    82
       Long sword        |    13 |    97 ||   110
       Punch             |     1 |     1 ||     2
Invok: Berserk           |     1 |     1 ||     2
  Use: Scroll            |     1 |       ||     1
Armor: Animal skin       |    54 |    91 ||   145
Dodge: Dodged            |    62 |    53 ||   115
Block: Tower shield      |       |    88 ||    88
